Map: Cerulean Fall LE

Players

mLty

  • Race: Zerg Zerg
  • Spawn Location: 7:00

JadedShard - Winner!

  • Race: Zerg Zerg
  • Spawn Location: 1:00

Event: WCS Montreal 2018

VOD

Have the link to the VOD?

Description

Time

  • Played on: Sept. 7, 2018, 12:57 p.m.
  • Length: 8:10

All games in this series

Show
View Real Time Build Order
Export as new Build Order

mLty Zerg 

Build Orders: Hatch First 

Get SALT Encoding   

  12  0:01  Drone  
  13  0:12  Overlord  
  13  0:17  Drone  
  14  0:30  Drone x2  
  16  0:49  Hatchery  
  15  0:52  Drone  
  15  0:55  Drone  
  17  0:59  Drone  
  18  1:09  Extractor  
  17  1:15  Spawning Pool  
  17  1:17  Drone  
  17  1:21  Drone  
  18  1:27  Drone  
  19  1:38  Overlord  
  19  1:49  Drone  
  20  2:02  Queen x2  
  20  2:03  Zergling x4  
  20  2:05  Evolution Chamber  
  25  2:11  Drone  
  25  2:12  Drone  
  27  2:21  Drone  
  28  2:24  Drone  
  29  2:32  Zerg Ground Armor Level 1  
  29  2:34  Drone x2  
  31  2:44  Drone  
  31  2:46  Drone  
  31  3:07  Metabolic Boost  
  31  3:11  Hatchery  
  30  3:17  Drone  
  30  3:18  Drone  
  30  3:19  Overlord  
  32  3:24  Baneling Nest  
  31  3:33  Drone  
  31  3:34  Drone x4, Roach Warren  
  35  3:44  Zergling x2  
  35  3:45  Zergling x6  
  35  3:47  Zergling x4  
  41  3:51  Zergling x2  
  41  3:53  Extractor  
  41  3:54  Zergling x2  
  41  3:55  Zergling x2  
  43  3:57  Zergling x2  
  44  4:02  Overlord  
  44  4:05  Overlord  
  44  4:15  Overlord x2  
  44  4:24  Queen  
  44  4:25  Zergling x4  
  44  4:26  Zergling x2  
  48  4:34  Roach  
  48  4:35  Roach x2  
  52  4:45  Roach x4  
  58  4:53  Roach  
  58  4:54  Roach  
  58  5:03  Roach  
  49  5:17  Roach x2  
  52  5:24  Roach  
  52  5:26  Zergling x18  
  61  5:33  Roach  
  61  5:34  Zergling x2  
  58  5:41  Zergling x6  
  44  5:50  Drone  
  44  5:51  Drone x2  
  44  5:54  Zergling x2  
  44  5:56  Drone  
  42  6:05  Drone x2  
  42  6:06  Drone  
  44  6:15  Drone x4  
  44  6:16  Drone  
  49  6:22  Baneling x2  
  49  6:23  Queen  
  51  6:25  Baneling  
  51  6:26  Baneling  
  51  6:27  Baneling  
  51  6:29  Baneling  
  51  6:32  Roach  
  53  6:34  Roach  
  53  6:39  Roach x2  
  49  7:08  Roach  
  49  7:09  Roach x6  
  49  7:14  Roach  
  57  7:20  Roach  
  58  7:32  Roach x2  
  55  7:38  Roach  
  50  7:50  Roach  
Show
View Real Time Build Order
Export as new Build Order

JadedShard Zerg - Winner!

Build Orders: Hatch First 

Get SALT Encoding   

  12  0:00  Drone  
  13  0:12  Overlord  
  13  0:18  Drone  
  14  0:31  Drone x2  
  16  0:49  Hatchery  
  15  0:52  Drone  
  15  0:55  Drone  
  17  0:59  Drone  
  18  1:10  Extractor  
  17  1:14  Spawning Pool  
  16  1:19  Drone  
  16  1:20  Drone  
  18  1:28  Drone  
  19  1:43  Drone  
  20  1:49  Overlord  
  20  2:01  Queen  
  20  2:02  Drone, Queen  
  20  2:03  Drone  
  26  2:11  Drone  
  27  2:18  Drone  
  27  2:21  Drone  
  29  2:34  Drone x2  
  29  2:36  Zergling x2, Queen  
  32  2:37  Queen  
  32  2:40  Metabolic Boost  
  36  2:50  Evolution Chamber  
  36  2:51  Zergling x2  
  36  2:55  Overlord  
  35  3:08  Overlord  
  35  3:13  Roach Warren  
  35  3:18  Drone x2  
  36  3:20  Overlord x2  
  36  3:22  Overlord  
  36  3:52  Roach  
  36  3:53  Roach x7  
  36  3:54  Roach  
  54  4:02  Roach x2  
  58  4:03  Roach  
  62  4:17  Roach  
  64  4:24  Roach  
  64  4:28  Zergling x10  
  64  4:29  Zergling x4  
  71  4:41  Roach x2  
  75  4:50  Overlord x3  
  70  5:03  Roach x2  
  70  5:04  Zergling x2  
  72  5:15  Roach  
  72  5:24  Roach  
  68  5:32  Zergling x10  
  67  5:36  Roach  
  66  5:49  Zergling x2  
  65  5:50  Zergling x8  
  65  5:55  Zergling x4  
  65  5:56  Zergling x2  
  60  5:59  Extractor  
  53  6:07  Drone x2  
  51  6:13  Zergling x2  
  52  6:20  Roach x2  
  52  6:21  Hatchery, Roach x3  
  52  6:22  Zergling x4  
  63  6:29  Roach  
  63  6:32  Drone  
  66  6:41  Roach x2  
  67  6:55  Roach x3  
  70  7:03  Roach x2  
  74  7:15  Zergling x2, Roach x2  
  79  7:16  Zergling x8  
  81  7:31  Roach x3  
  81  7:35  Roach x2  
  88  7:43  Overlord x2  
  82  7:45  Drone x3  
  82  7:46  Drone x2  
  82  7:48  Extractor  
  83  8:06  Ravager  
Tags
 
Add a new tag
Caveats
  • Supply blocks, unpowered buildings, or Contaminate may cause inaccurate times.
  • Supply counts are checked every 10 seconds.